| TOP OF THE 1ST |
|
Syracuse Chiefs batting - Pitching for Toledo Mud Hens : RHP Douglas Mathey
|
|
Pitching: RHP Douglas Mathey
|
|
|
Batting: SHB Jeff Doyle
|
0-0: Foul Ball, location: 2F 0-1: Swinging Strike 0-2: Ball 1-2: Strikes out swinging, 2-3 out at first.
|
|
Batting: RHB Phil Garner
|
0-0: Ball 1-0: Foul Ball, location: 2F 1-1: DOUBLE (Groundball, 5L, EV 101.9 MPH)
|
|
Batting: RHB Jim G Wilson
|
0-0: Ball Phil Garner steals 3rd base 1-0: Swinging Strike 1-1: Ball 2-1: Ground out 6-3 (Groundball, 6, EV 80.6 MPH) Phil Garner scores
|
|
Batting: LHB Darryl Strawberry
|
0-0: Foul Ball, location: 2F 0-1: Ball 1-1: Ground out 4-3 (Groundball, 34, EV 78.1 MPH)
|
| Top of the 1st over - 1 run, 1 hit, 0 errors, 0 left on base; Syracuse 1 - Toledo 0 |
| BOTTOM OF THE 1ST |
|
Toledo Mud Hens batting - Pitching for Syracuse Chiefs : RHP Ernie McAnally
|
|
Pitching: RHP Ernie McAnally
|
|
|
Batting: RHB Joey McEndree
|
0-0: Called Strike 0-1: Swinging Strike 0-2: Ball 1-2: Ball 2-2: Fly out, F8 (Line Drive, 8RD, EV 96.9 MPH)
|
|
Batting: LHB Ron Diggle
|
0-0: Ball 1-0: Ball 2-0: Called Strike 2-1: Ball 3-1: Base on Balls
|
|
Batting: LHB Greg Brock
|
0-0: Ball 1-0: Swinging Strike 1-1: Ball 2-1: Ball Ron Diggle steals 2nd base 3-1: Foul Ball, location: 2F 3-2: Fly out, F7 (Flyball, 7LM, EV 108.8 MPH)
|
|
Batting: SHB Ken Henderson
|
0-0: Ball 1-0: Called Strike 1-1: Ball 2-1: Foul Ball, location: 2F 2-2: Ball 3-2: Foul Ball, location: 2F 3-2: Fly out, F8 (Flyball, 8RD, EV 106.9 MPH)
|
| Bottom of the 1st over - 0 runs, 0 hits, 0 errors, 1 left on base; Syracuse 1 - Toledo 0 |
| TOP OF THE 2ND |
|
Syracuse Chiefs batting - Pitching for Toledo Mud Hens : RHP Douglas Mathey
|
|
Batting: RHB Dave Meier
|
0-0: Ball 1-0: Fly out, F9 (Flyball, 9LD, EV 99.4 MPH)
|
|
Batting: LHB Wayne Gross
|
0-0: Ground out 6-3 (Groundball, 6, EV 101.9 MPH)
|
|
Batting: RHB Hubie Brooks
|
0-0: Ball 1-0: Foul Ball, location: 2F 1-1: Ground out 6-3 (Groundball, 6MS, EV 83.1 MPH)
|
| Top of the 2nd over - 0 runs, 0 hits, 0 errors, 0 left on base; Syracuse 1 - Toledo 0 |
| BOTTOM OF THE 2ND |
|
Toledo Mud Hens batting - Pitching for Syracuse Chiefs : RHP Ernie McAnally
|
|
Batting: RHB Milt Jefferson
|
0-0: Called Strike 0-1: Ball 1-1: Ball 2-1: Ball 3-1: Called Strike 3-2: Foul Ball, location: 2F 3-2: Base on Balls
|
|
Batting: LHB Rich Coggins
|
0-0: Called Strike 0-1: Foul Ball, location: 2F 0-2: Ball 1-2: Foul Ball, location: 2F 1-2: Ball 2-2: Fly out, F7 (Flyball, 7D, EV 98.8 MPH)
|
|
Batting: RHB Dennis Odom
|
0-0: Ball 1-0: Ball 2-0: Called Strike 2-1: Called Strike 2-2: Ball 3-2: Foul Ball, location: 2F 3-2: SINGLE (Line Drive, 89M, EV 99.4 MPH) Milt Jefferson to second
|
|
Batting: RHB Larry Patterson
|
0-0: Ball 1-0: Swinging Strike 1-1: Called Strike 1-2: Foul Ball, location: 2F 1-2: Fielders Choice at 2nd, 3-6 (Groundball, 13, EV 85.0 MPH) Milt Jefferson to third
|
|
Batting: RHB Bucky Dent
|
0-0: Called Strike 0-1: Foul Ball, location: 2F 0-2: Ball 1-2: Foul Ball, location: 2F 1-2: Ball 2-2: Foul Ball, location: 2F 2-2: Foul Ball, location: 2F 2-2: Fly out, F3 (Popup, 23F, EV 78.1 MPH)
|
| Bottom of the 2nd over - 0 runs, 1 hit, 0 errors, 2 left on base; Syracuse 1 - Toledo 0 |
| TOP OF THE 3RD |
|
Syracuse Chiefs batting - Pitching for Toledo Mud Hens : RHP Douglas Mathey
|
|
Batting: LHB Danny Goodwin
|
0-0: SINGLE (Groundball, 4MD, EV 96.9 MPH)
|
|
Batting: LHB Jon Jimenez
|
0-0: Fly out, F8 (Flyball, 8RS, EV 70.0 MPH)
|
|
Batting: SHB Jeff Doyle
|
0-0: Ball 1-0: Fly out, F8 (Flyball, 8LD, EV 84.4 MPH)
|
|
Batting: RHB Phil Garner
|
0-0: Called Strike 0-1: Foul Ball, location: 2F 0-2: Fielders Choice at 2nd, 6-4 (Groundball, 6, EV 84.4 MPH)
|
| Top of the 3rd over - 0 runs, 1 hit, 0 errors, 1 left on base; Syracuse 1 - Toledo 0 |
| BOTTOM OF THE 3RD |
|
Toledo Mud Hens batting - Pitching for Syracuse Chiefs : RHP Ernie McAnally
|
|
Batting: RHB Joey McEndree
|
0-0: Ball 1-0: Called Strike 1-1: Fly out, F9 (Flyball, 9S, EV 80.6 MPH)
|
|
Batting: LHB Ron Diggle
|
0-0: Called Strike 0-1: Ball 1-1: Swinging Strike 1-2: Ball 2-2: Ground out 1-3 (Groundball, 13, EV 75.6 MPH)
|
|
Batting: LHB Greg Brock
|
0-0: Ball 1-0: Ball 2-0: Ball 3-0: Called Strike 3-1: Ground out U3 (Groundball, 3, EV 103.1 MPH)
|
| Bottom of the 3rd over - 0 runs, 0 hits, 0 errors, 0 left on base; Syracuse 1 - Toledo 0 |
| TOP OF THE 4TH |
|
Syracuse Chiefs batting - Pitching for Toledo Mud Hens : RHP Douglas Mathey
|
|
Batting: RHB Jim G Wilson
|
0-0: Called Strike 0-1: Ground out 4-3 (Groundball, 4, EV 83.1 MPH)
|
|
Batting: LHB Darryl Strawberry
|
0-0: Ground out U3 (Groundball, 3, EV 99.4 MPH)
|
|
Batting: RHB Dave Meier
|
0-0: Called Strike 0-1: DOUBLE (Flyball, 89D, EV 99.4 MPH)
|
|
Batting: LHB Wayne Gross
|
0-0: Foul Ball, location: 2F 0-1: Ball 1-1: Ball 2-1: Ball 3-1: SINGLE (Groundball, 4MD, EV 103.8 MPH) Dave Meier to third Runner from 3rd tries for Home, SAFE, throw by CF to home
|
|
Batting: RHB Hubie Brooks
|
0-0: Ball 1-0: Called Strike 1-1: Reached on error, E2 (Groundball, 15S, EV 75.0 MPH) Wayne Gross to second
|
|
Batting: LHB Danny Goodwin
|
0-0: Called Strike 0-1: Ground out 4-3 (Groundball, 4, EV 80.6 MPH)
|
| Top of the 4th over - 1 run, 2 hits, 1 error, 2 left on base; Syracuse 2 - Toledo 0 |
| BOTTOM OF THE 4TH |
|
Toledo Mud Hens batting - Pitching for Syracuse Chiefs : RHP Ernie McAnally
|
|
Batting: SHB Ken Henderson
|
0-0: SINGLE (Line Drive, 56, EV 102.5 MPH)
|
|
Batting: RHB Milt Jefferson
|
0-0: Fielders Choice at 2nd, 6-4 (Groundball, 6M, EV 108.1 MPH)
|
|
Batting: LHB Rich Coggins
|
0-0: Foul Ball, location: 2F 0-1: Called Strike 0-2: Ball 1-2: Strikes out swinging
|
|
Batting: RHB Dennis Odom
|
0-0: Called Strike 0-1: Foul Ball, location: 2F 0-2: Ball 1-2: Strikes out swinging
|
| Bottom of the 4th over - 0 runs, 1 hit, 0 errors, 1 left on base; Syracuse 2 - Toledo 0 |
| TOP OF THE 5TH |
|
Syracuse Chiefs batting - Pitching for Toledo Mud Hens : RHP Douglas Mathey
|
|
Batting: LHB Jon Jimenez
|
0-0: Ball 1-0: Ball 2-0: SINGLE (Groundball, 6D, EV 96.3 MPH)
|
|
Batting: SHB Jeff Doyle
|
0-0: Ball 1-0: Sac Bunt to 23 - play at first, batter OUT! 3-4 Jon Jimenez to second
|
|
Batting: RHB Phil Garner
|
0-0: Reached on error, E5 (Groundball, 56, EV 87.5 MPH) Jon Jimenez to third
|
|
Batting: RHB Jim G Wilson
|
0-0: Called Strike 0-1: 3-RUN HOME RUN (Flyball, 78XD, EV 95.6 MPH), Distance : 421 ft
|
|
Batting: LHB Darryl Strawberry
|
0-0: Ball 1-0: Foul Ball, location: 2F 1-1: Foul Ball, location: 2F 1-2: Foul Ball, location: 2F 1-2: Ball 2-2: Foul Ball, location: 2F 2-2: Ball 3-2: Foul Ball, location: 2F 3-2: Foul Ball, location: 2F 3-2: SINGLE (Groundball, 6MD, EV 101.3 MPH) (infield hit)
|
|
Batting: RHB Dave Meier
|
0-0: Called Strike 0-1: Ball 1-1: Swinging Strike 1-2: Grounds into double play, 6-4-3 (Groundball, 6, EV 88.1 MPH)
|
| Top of the 5th over - 3 runs, 3 hits, 1 error, 0 left on base; Syracuse 5 - Toledo 0 |
| BOTTOM OF THE 5TH |
|
Toledo Mud Hens batting - Pitching for Syracuse Chiefs : RHP Ernie McAnally
|
|
Batting: RHB Larry Patterson
|
0-0: Foul Ball, location: 2F 0-1: Ball 1-1: Ball 2-1: Foul Ball, location: 2F 2-2: Ball 3-2: Base on Balls
|
|
Batting: RHB Bucky Dent
|
0-0: Foul Ball, location: 2F 0-1: Ball 1-1: Ball Passed Ball! Larry Patterson to second 2-1: Ground out 6-3 (Groundball, 6, EV 101.9 MPH)
|
|
Batting: RHB Joey McEndree
|
0-0: Ball 1-0: Foul Ball, location: 2F 1-1: Ball 2-1: Ball 3-1: Base on Balls
|
|
Batting: LHB Ron Diggle
|
0-0: Ball 1-0: Ball 2-0: Grounds into double play, 4-6-3 (Groundball, 4, EV 98.8 MPH)
|
| Bottom of the 5th over - 0 runs, 0 hits, 0 errors, 1 left on base; Syracuse 5 - Toledo 0 |
| TOP OF THE 6TH |
|
Syracuse Chiefs batting - Pitching for Toledo Mud Hens : RHP Douglas Mathey
|
|
Batting: LHB Wayne Gross
|
0-0: Called Strike 0-1: Fly out, F9 (Flyball, 89S, EV 88.8 MPH)
|
|
Batting: RHB Hubie Brooks
|
0-0: Fly out, F7 (Line Drive, 7, EV 100.6 MPH)
|
|
Batting: LHB Danny Goodwin
|
0-0: Called Strike 0-1: Foul Ball, location: 2F 0-2: Ball 1-2: Fly out, F8 (Flyball, 89M, EV 75.0 MPH)
|
| Top of the 6th over - 0 runs, 0 hits, 0 errors, 0 left on base; Syracuse 5 - Toledo 0 |
| BOTTOM OF THE 6TH |
|
Toledo Mud Hens batting - Pitching for Syracuse Chiefs : RHP Ernie McAnally
|
|
Batting: LHB Greg Brock
|
0-0: Ball 1-0: Ball 2-0: Foul Ball, location: 2F 2-1: Ball 3-1: Foul Ball, location: 2F 3-2: Base on Balls
|
|
Batting: SHB Ken Henderson
|
0-0: Called Strike 0-1: Called Strike 0-2: Ball 1-2: SINGLE (Line Drive, 8LM, EV 88.1 MPH) Greg Brock to second
|
|
Batting: RHB Milt Jefferson
|
0-0: Called Strike 0-1: Ball 1-1: Fly out, F8 (Flyball, 8RS, EV 82.5 MPH)
|
|
Batting: LHB Rich Coggins
|
0-0: Foul Ball, location: 2F 0-1: Foul Ball, location: 2F 0-2: Reached on error, E5 (Groundball, 56S, EV 79.4 MPH) Greg Brock to third Ken Henderson to second
|
|
Batting: RHB Dennis Odom
|
0-0: Called Strike 0-1: Ball 1-1: Foul Ball, location: 2F 1-2: Ball 2-2: Foul Ball, location: 2F 2-2: Ball 3-2: GRAND SLAM HOME RUN (Flyball, 7D, EV 103.8 MPH), Distance : 370 ft
|
|
Batting: RHB Larry Patterson
|
0-0: Ball 1-0: Called Strike 1-1: Ground out U3 (Groundball, 34, EV 85.0 MPH)
|
|
Batting: RHB Bucky Dent
|
0-0: Ground out 6-3 (Groundball, 56, EV 83.1 MPH)
|
| Bottom of the 6th over - 4 runs, 2 hits, 1 error, 0 left on base; Syracuse 5 - Toledo 4 |
| TOP OF THE 7TH |
|
Syracuse Chiefs batting - Pitching for Toledo Mud Hens : RHP Douglas Mathey
|
|
Pitching: RHP Carlos Diaz
|
|
|
Batting: LHB Jon Jimenez
|
0-0: Ground out 4-3 (Groundball, 4, EV 78.8 MPH)
|
|
Batting: SHB Jeff Doyle
|
0-0: Called Strike 0-1: Ball 1-1: Ball 2-1: Swinging Strike 2-2: Strikes out swinging
|
|
Batting: RHB Phil Garner
|
0-0: Ground out 6-3 (Groundball, 6M, EV 83.1 MPH)
|
| Top of the 7th over - 0 runs, 0 hits, 0 errors, 0 left on base; Syracuse 5 - Toledo 4 |
| BOTTOM OF THE 7TH |
|
Toledo Mud Hens batting - Pitching for Syracuse Chiefs : RHP Ernie McAnally
|
|
Batting: RHB Joey McEndree
|
0-0: Called Strike 0-1: Ball 1-1: Ball 2-1: Ball 3-1: Called Strike 3-2: Fly out, F8 (Flyball, 8LD, EV 99.4 MPH)
|
|
Batting: LHB Ron Diggle
|
0-0: Ball 1-0: Called Strike 1-1: Fly out, F8 (Flyball, 78S, EV 81.3 MPH)
|
|
Batting: LHB Greg Brock
|
0-0: Ball 1-0: Called Strike 1-1: Ball 2-1: Fly out, F8 (Flyball, 8RD, EV 96.9 MPH)
|
| Bottom of the 7th over - 0 runs, 0 hits, 0 errors, 0 left on base; Syracuse 5 - Toledo 4 |
| TOP OF THE 8TH |
|
Syracuse Chiefs batting - Pitching for Toledo Mud Hens : RHP Carlos Diaz
|
|
Batting: RHB Jim G Wilson
|
0-0: Ball 1-0: Foul Ball, location: 2F 1-1: Foul Ball, location: 2F 1-2: Strikes out looking
|
|
Batting: LHB Darryl Strawberry
|
0-0: Called Strike 0-1: Called Strike 0-2: Strikes out looking
|
|
Batting: RHB Dave Meier
|
0-0: Called Strike 0-1: Ball 1-1: Ground out 6-3 (Groundball, 6, EV 106.9 MPH)
|
| Top of the 8th over - 0 runs, 0 hits, 0 errors, 0 left on base; Syracuse 5 - Toledo 4 |
| BOTTOM OF THE 8TH |
|
Toledo Mud Hens batting - Pitching for Syracuse Chiefs : RHP Ernie McAnally
|
|
Batting: SHB Ken Henderson
|
0-0: Foul Ball, location: 2F 0-1: Ball 1-1: Ball 2-1: Fly out, F8 (Flyball, 8RD, EV 103.1 MPH)
|
|
Batting: RHB Milt Jefferson
|
0-0: Called Strike 0-1: Ball 1-1: Ball 2-1: Swinging Strike 2-2: Strikes out swinging
|
|
Batting: LHB Rich Coggins
|
0-0: Ball 1-0: Ball 2-0: Ball 3-0: Base on Balls
|
|
Batting: RHB Dennis Odom
|
0-0: Called Strike Rich Coggins is caught stealing 2nd base 2-4
|
| Bottom of the 8th over - 0 runs, 0 hits, 0 errors, 0 left on base; Syracuse 5 - Toledo 4 |
| TOP OF THE 9TH |
|
Syracuse Chiefs batting - Pitching for Toledo Mud Hens : RHP Carlos Diaz
|
|
Pitching: RHP Dan Quisenberry
|
|
|
Batting: LHB Wayne Gross
|
0-0: Called Strike 0-1: Ball 1-1: Called Strike 1-2: Ball 2-2: Ball 3-2: DOUBLE (Line Drive, 3D, EV 103.1 MPH)
|
|
Batting: RHB Hubie Brooks
|
0-0: Intentional Walk
|
|
Batting: LHB Danny Goodwin
|
0-0: Called Strike 0-1: Foul Ball, location: 2F 0-2: Foul Ball, location: 2F 0-2: Ball 1-2: DOUBLE (Groundball, 3L, EV 105.6 MPH) Wayne Gross scores Hubie Brooks to third Runner from 3rd tries for Home, SAFE, throw by RF to trailing runner, SAFE at third!
|
|
Batting: LHB Jon Jimenez
|
0-0: Ball 1-0: Fly out, F8 (Flyball, 8LS, EV 86.3 MPH)
|
|
Batting: SHB Jeff Doyle
|
0-0: Called Strike 0-1: Ground out U3 (Groundball, 3L, EV 96.9 MPH)
|
|
Batting: RHB Phil Garner
|
0-0: SINGLE (Groundball, 56, EV 97.5 MPH) (infield hit) Danny Goodwin scores
|
|
Batting: RHB Jim G Wilson
|
0-0: Fly out, F7 (Line Drive, 7, EV 107.5 MPH)
|
| Top of the 9th over - 3 runs, 3 hits, 0 errors, 1 left on base; Syracuse 8 - Toledo 4 |
| BOTTOM OF THE 9TH |
|
Toledo Mud Hens batting - Pitching for Syracuse Chiefs : RHP Ernie McAnally
|
|
Pitching: RHP Mel Stottlemyre Sr
|
|
|
Batting: RHB Dennis Odom
|
0-0: Ground out 6-3 (Groundball, 6, EV 104.4 MPH)
|
|
Batting: RHB Larry Patterson
|
0-0: Foul Ball, location: 2F 0-1: Ground out 6-3 (Groundball, 6, EV 106.3 MPH)
|
|
Batting: RHB Bucky Dent
|
0-0: Ball 1-0: Foul Ball, location: 2F 1-1: Called Strike 1-2: Ball 2-2: Ball 3-2: Ground out 6-3 (Groundball, 6M, EV 104.4 MPH)
|
| Bottom of the 9th over - 0 runs, 0 hits, 0 errors, 0 left on base; Syracuse 8 - Toledo 4 |
|